MLB
NEW YORK YANKEES @ TEXAS RANGERS
09/27/2019
 
TOP OF THE 1ST
New York Yankees batting - Pitching for Texas Rangers : RHP Yonny Chirinos
Pitching: RHP Yonny Chirinos
Batting: LHB Tony Kemp 0-0: SINGLE (Flyball, 34D, EV 93.8 MPH)
Batting: LHB Scooter Gennett 0-0: Ball
Tony Kemp steals 2nd base
1-0: Called Strike
1-1: Ball
2-1: Ball
3-1: SINGLE (Flyball, 7LS, EV 95.6 MPH)
Tony Kemp to third
Runner from 3rd tries for Home, SAFE, no throw by LF
Batting: RHB Anthony Rendon 0-0: Swinging Strike
0-1: Ball
1-1: Called Strike
1-2: Strikes out swinging
Batting: LHB Willie Calhoun 0-0: Swinging Strike
0-1: Ball
1-1: Swinging Strike
1-2: SINGLE (Groundball, 34, EV 108.8 MPH) (infield hit)
Scooter Gennett to second
Batting: RHB Paul Goldschmidt 0-0: Foul Ball, location: 2F
0-1: Grounds into double play, 6-4-3 (Groundball, 6, EV 107.5 MPH)
Top of the 1st over - 1 run, 3 hits, 0 errors, 1 left on base; New York 1 - Texas 0
BOTTOM OF THE 1ST
Texas Rangers batting - Pitching for New York Yankees : LHP Caleb Ferguson
Pitching: LHP Caleb Ferguson
Batting: LHB Ender Inciarte 0-0: Called Strike
0-1: Bunted foul
0-2: Ball
1-2: Ball
2-2: Ground out 5-3 (Groundball, 56, EV 88.8 MPH)
Batting: SHB Cesar Hernandez 0-0: Ball
1-0: Ball
2-0: Called Strike
2-1: Ground out 5-3 (Groundball, 56, EV 88.1 MPH)
Batting: LHB Bryce Harper 0-0: Ball
1-0: SINGLE (Groundball, 25, EV 75.6 MPH) (infield hit)
Batting: RHB Wilson Ramos 0-0: Foul Ball, location: 2F
0-1: Foul Ball, location: 2F
0-2: Ball
1-2: SINGLE (Groundball, 6MD, EV 101.3 MPH)
Bryce Harper to second
Bryce Harper to third
Batting: RHB Andrelton Simmons 0-0: Ball
1-0: Ground out 5-3 (Groundball, 56S, EV 87.5 MPH)
Bottom of the 1st over - 0 runs, 2 hits, 0 errors, 2 left on base; New York 1 - Texas 0
TOP OF THE 2ND
New York Yankees batting - Pitching for Texas Rangers : RHP Yonny Chirinos
Batting: RHB Ryan Braun 0-0: Fly out, F2 (Popup, 23F, EV 86.3 MPH)
Batting: LHB Brandon Crawford 0-0: SOLO HOME RUN (Flyball, 7D, EV 96.3 MPH), Distance : 370 ft
Batting: RHB Eloy Jimenez 0-0: Foul Ball, location: 2F
0-1: Foul Ball, location: 2F
0-2: SINGLE (Line Drive, 78M, EV 105.0 MPH)
Batting: LHB Austin Allen 0-0: Ball
1-0: Ball
2-0: Called Strike
2-1: Foul Ball, location: 2F
2-2: Ball
3-2: Fly out, F8 (Flyball, 8LD, EV 91.3 MPH)
Batting: LHB Tony Kemp 0-0: Called Strike
0-1: Ball
1-1: Ball
2-1: Ball
3-1: Called Strike
3-2: Strikes out looking
Top of the 2nd over - 1 run, 2 hits, 0 errors, 1 left on base; New York 2 - Texas 0
BOTTOM OF THE 2ND
Texas Rangers batting - Pitching for New York Yankees : LHP Caleb Ferguson
Batting: LHB Joc Pederson 0-0: Foul Ball, location: 2F
0-1: Foul Ball, location: 2F
0-2: Ball
1-2: DOUBLE (Line Drive, 7LM, EV 103.8 MPH)
Batting: LHB Eric Thames 0-0: Ground out 4-3 (Groundball, 4, EV 78.1 MPH)
Joc Pederson to third
Batting: RHB Jose Osuna 0-0: Called Strike
0-1: Fly out, F2 (Popup, 2LF, EV 89.4 MPH)
Batting: SHB Jeimer Candelario 0-0: Ball
1-0: Ball
2-0: Foul Ball, location: 2F
2-1: Called Strike
2-2: Ball
3-2: Ground out 4-3 (Groundball, 4, EV 104.4 MPH)
Bottom of the 2nd over - 0 runs, 1 hit, 0 errors, 1 left on base; New York 2 - Texas 0
TOP OF THE 3RD
New York Yankees batting - Pitching for Texas Rangers : RHP Yonny Chirinos
Batting: LHB Scooter Gennett 0-0: Ball
1-0: Bunt for hit to 15 - play at first, batter safe!
Batting: RHB Anthony Rendon 0-0: Called Strike
0-1: Ball
1-1: Foul Ball, location: 2F
1-2: Fly out, F6 (Popup, 56, EV 68.8 MPH)
Batting: LHB Willie Calhoun 0-0: Called Strike
0-1: 2-RUN HOME RUN (Flyball, 78XD, EV 100.6 MPH), Distance : 402 ft
Batting: RHB Paul Goldschmidt 0-0: Fly out, F8 (Flyball, 8LS, EV 95.6 MPH)
Batting: RHB Ryan Braun 0-0: SINGLE (Line Drive, 34D, EV 96.9 MPH)
Batting: LHB Brandon Crawford 0-0: Ball
1-0: Fly out, F8 (Flyball, 8LM, EV 90.0 MPH)
Top of the 3rd over - 2 runs, 3 hits, 0 errors, 1 left on base; New York 4 - Texas 0
BOTTOM OF THE 3RD
Texas Rangers batting - Pitching for New York Yankees : LHP Caleb Ferguson
Batting: LHB Ender Inciarte 0-0: Swinging Strike
0-1: SINGLE (Line Drive, 78M, EV 93.1 MPH)
Batting: SHB Cesar Hernandez 0-0: Ball
1-0: Foul Ball, location: 2F
1-1: Sac Bunt to 23 - play at first, batter safe!
Ender Inciarte to second
Batting: LHB Bryce Harper 0-0: Ball
1-0: Called Strike
1-1: Ball
2-1: Foul Ball, location: 2F
2-2: Ball
3-2: Fly out, F9 (Line Drive, 9, EV 96.3 MPH)
Batting: RHB Wilson Ramos 0-0: Ball
1-0: Ball
2-0: Called Strike
2-1: 3-RUN HOME RUN (Flyball, 7D, EV 88.1 MPH), Distance : 360 ft
Batting: RHB Andrelton Simmons 0-0: Called Strike
0-1: Ball
1-1: Swinging Strike
1-2: Ball
2-2: Ball
3-2: Fly out, F7 (Line Drive, 7, EV 90.0 MPH)
Batting: LHB Joc Pederson 0-0: Called Strike
0-1: Swinging Strike
0-2: Ball
1-2: Ground out 4-3 (Groundball, 34D, EV 80.6 MPH)
Bottom of the 3rd over - 3 runs, 3 hits, 0 errors, 0 left on base; New York 4 - Texas 3
TOP OF THE 4TH
New York Yankees batting - Pitching for Texas Rangers : RHP Yonny Chirinos
Batting: RHB Eloy Jimenez 0-0: Called Strike
0-1: Foul Ball, location: 2F
0-2: Strikes out swinging
Batting: LHB Austin Allen 0-0: Ball
1-0: Ball
2-0: Foul Ball, location: 2F
2-1: Ball
3-1: DOUBLE (Groundball, 3L, EV 107.5 MPH)
Batting: LHB Tony Kemp 0-0: 2-RUN HOME RUN (Flyball, 89XD, EV 102.5 MPH), Distance : 410 ft
Pitching: RHP Nick Goody
Batting: LHB Scooter Gennett 0-0: Called Strike
0-1: Swinging Strike
0-2: Ball
1-2: Strikes out swinging
Batting: RHB Anthony Rendon 0-0: Ball
1-0: Called Strike
1-1: Ball
2-1: Foul Ball, location: 2F
2-2: Strikes out swinging
Top of the 4th over - 2 runs, 2 hits, 0 errors, 0 left on base; New York 6 - Texas 3
BOTTOM OF THE 4TH
Texas Rangers batting - Pitching for New York Yankees : LHP Caleb Ferguson
Batting: LHB Eric Thames 0-0: Foul Ball, location: 2F
0-1: Ground out 4-3 (Groundball, 4, EV 80.0 MPH)
Batting: RHB Jose Osuna 0-0: SINGLE (Groundball, 56D, EV 103.1 MPH)
Batting: SHB Jeimer Candelario 0-0: Ball
1-0: Called Strike
1-1: Called Strike
1-2: Foul Ball, location: 2F
1-2: Ball
2-2: Strikes out swinging
Batting: LHB Ender Inciarte 0-0: Ball
1-0: Ball
2-0: Called Strike
2-1: SINGLE (Line Drive, 56D, EV 99.4 MPH)
Jose Osuna to second
Batting: SHB Cesar Hernandez 0-0: Ball
1-0: Ball
2-0: Called Strike
2-1: Called Strike
2-2: Ball
3-2: Foul Ball, location: 2F
3-2: Fly out, F8 (Line Drive, 8RD, EV 89.4 MPH)
Bottom of the 4th over - 0 runs, 2 hits, 0 errors, 2 left on base; New York 6 - Texas 3
TOP OF THE 5TH
New York Yankees batting - Pitching for Texas Rangers : RHP Nick Goody
Batting: LHB Willie Calhoun 0-0: Called Strike
0-1: Ground out 6-3 (Groundball, 4S, EV 65.6 MPH)
Batting: RHB Paul Goldschmidt 0-0: Swinging Strike
0-1: Ball
1-1: Foul Ball, location: 2F
1-2: Ball
2-2: Ball
3-2: Foul Ball, location: 2F
3-2: Base on Balls
Batting: RHB Ryan Braun 0-0: Ball
1-0: Called Strike
1-1: Foul Ball, location: 2F
1-2: Fielders Choice at 2nd, 4-6 (Groundball, 34, EV 90.0 MPH)
Batting: LHB Brandon Crawford 0-0: Called Strike
0-1: Foul Ball, location: 2F
0-2: Strikes out swinging
Top of the 5th over - 0 runs, 0 hits, 0 errors, 1 left on base; New York 6 - Texas 3
BOTTOM OF THE 5TH
Texas Rangers batting - Pitching for New York Yankees : LHP Caleb Ferguson
Pitching: RHP Ryan Helsley
Batting: LHB Bryce Harper 0-0: Swinging Strike
0-1: Foul Ball, location: 2F
0-2: Ball
1-2: Ball
2-2: Ball
3-2: Fly out, F9 (Flyball, 9S, EV 84.4 MPH)
Batting: RHB Wilson Ramos 0-0: Called Strike
0-1: Foul Ball, location: 2F
0-2: Foul Ball, location: 2F
0-2: Ball
1-2: Ball
2-2: Strikes out swinging
Batting: RHB Andrelton Simmons 0-0: SINGLE (Line Drive, 56D, EV 105.0 MPH)
Batting: LHB Joc Pederson 0-0: Ball
1-0: Fielders Choice at 2nd, U6 (Groundball, 6M, EV 82.5 MPH)
Bottom of the 5th over - 0 runs, 1 hit, 0 errors, 1 left on base; New York 6 - Texas 3
TOP OF THE 6TH
New York Yankees batting - Pitching for Texas Rangers : RHP Nick Goody
Batting: RHB Eloy Jimenez 0-0: Fly out, F7 (Line Drive, 7, EV 88.1 MPH)
Pitching: RHP Pat Neshek
Batting: LHB Austin Allen 0-0: Ball
1-0: Fly out, F9 (Flyball, 89XD, EV 107.5 MPH)
Batting: LHB Tony Kemp 0-0: Ball
1-0: Swinging Strike
1-1: Reached on error, E6 (Groundball, 56D, EV 102.5 MPH)
Batting: LHB Scooter Gennett 0-0: Swinging Strike
0-1: Ball
1-1: Swinging Strike
1-2: Strikes out swinging
Top of the 6th over - 0 runs, 0 hits, 1 error, 1 left on base; New York 6 - Texas 3
BOTTOM OF THE 6TH
Texas Rangers batting - Pitching for New York Yankees : RHP Ryan Helsley
Batting: LHB Eric Thames 0-0: Ground out 2-3 (Groundball, 2L, EV 67.5 MPH)
Batting: RHB Jose Osuna 0-0: Ground out 6-3 (Groundball, 6, EV 81.9 MPH)
Batting: SHB Jeimer Candelario 0-0: Ball
1-0: Ball
2-0: Ball
3-0: Called Strike
3-1: Called Strike
3-2: Foul Ball, location: 2F
3-2: Foul Ball, location: 2F
3-2: Strikes out swinging
Bottom of the 6th over - 0 runs, 0 hits, 0 errors, 0 left on base; New York 6 - Texas 3
TOP OF THE 7TH
New York Yankees batting - Pitching for Texas Rangers : RHP Pat Neshek
Pitching: LHP Jake Diekman
Batting: RHB Anthony Rendon 0-0: Foul Ball, location: 2F
0-1: Ground out 5-3 (Groundball, 56, EV 85.0 MPH)
Batting: LHB Willie Calhoun 0-0: Ball
1-0: Foul Ball, location: 2F
1-1: Ball
2-1: Called Strike
2-2: Foul Ball, location: 2F
2-2: Foul Ball, location: 2F
2-2: Ball
3-2: Strikes out swinging
Batting: RHB Paul Goldschmidt 0-0: Called Strike
0-1: Ball
1-1: Ball
2-1: Swinging Strike
2-2: Ball
3-2: Foul Ball, location: 2F
3-2: Foul Ball, location: 2F
3-2: Foul Ball, location: 2F
3-2: Base on Balls
Batting: RHB Ryan Braun 0-0: Called Strike
0-1: Swinging Strike
0-2: Ball
1-2: Strikes out looking
Top of the 7th over - 0 runs, 0 hits, 0 errors, 1 left on base; New York 6 - Texas 3
BOTTOM OF THE 7TH
Texas Rangers batting - Pitching for New York Yankees : RHP Ryan Helsley
Pitching: LHP Xavier Cedeno
Batting: LHB Ender Inciarte 0-0: Ground out 4-3 (Groundball, 4, EV 85.0 MPH)
Batting: SHB Cesar Hernandez 0-0: Ball
1-0: Swinging Strike
1-1: Foul Ball, location: 2F
1-2: Ball
2-2: Foul Ball, location: 2F
2-2: Strikes out swinging
Batting: LHB Bryce Harper 0-0: Ball
1-0: SOLO HOME RUN (Flyball, 8RXD, EV 91.3 MPH), Distance : 427 ft
Batting: RHB Wilson Ramos 0-0: Called Strike
0-1: Ball
1-1: Foul Ball, location: 2F
1-2: Foul Ball, location: 2F
1-2: Foul Ball, location: 2F
1-2: Fly out, F7 (Line Drive, 7, EV 93.1 MPH)
Bottom of the 7th over - 1 run, 1 hit, 0 errors, 0 left on base; New York 6 - Texas 4
TOP OF THE 8TH
New York Yankees batting - Pitching for Texas Rangers : LHP Jake Diekman
Pitching: RHP Reyes Moronta
Batting: LHB Brandon Crawford 0-0: Called Strike
0-1: Foul Ball, location: 2F
0-2: Strikes out looking
Batting: RHB Eloy Jimenez 0-0: Ball
1-0: Foul Ball, location: 2F
1-1: Foul Ball, location: 2F
1-2: Strikes out swinging
Batting: LHB Austin Allen 0-0: Ball
1-0: Ball
2-0: Foul Ball, location: 2F
2-1: Foul Ball, location: 2F
2-2: Foul Ball, location: 2F
2-2: Strikes out swinging
Top of the 8th over - 0 runs, 0 hits, 0 errors, 0 left on base; New York 6 - Texas 4
BOTTOM OF THE 8TH
Texas Rangers batting - Pitching for New York Yankees : LHP Xavier Cedeno
Pitching: LHP Josh Hader
Batting: RHB Andrelton Simmons 0-0: Called Strike
0-1: Swinging Strike
0-2: Ball
1-2: Ball
2-2: Strikes out looking
Batting: LHB Joc Pederson 0-0: Called Strike
0-1: Ball
1-1: Ball
2-1: Swinging Strike
2-2: Strikes out swinging
Batting: LHB Eric Thames 0-0: Called Strike
0-1: Ball
1-1: Called Strike
1-2: Ball
2-2: Strikes out swinging
Bottom of the 8th over - 0 runs, 0 hits, 0 errors, 0 left on base; New York 6 - Texas 4
TOP OF THE 9TH
New York Yankees batting - Pitching for Texas Rangers : RHP Reyes Moronta
Pitching: RHP Ryan Burr
Batting: LHB Tony Kemp 0-0: Ball
1-0: Ball
2-0: Swinging Strike
2-1: Swinging Strike
2-2: Foul Ball, location: 2F
2-2: Ball
3-2: Base on Balls
Pitching: LHP Tim Mayza
Batting: LHB Scooter Gennett 0-0: Ball
1-0: Called Strike
1-1: Ball
2-1: Bunt missed!
2-2: Ball
3-2: SINGLE (Groundball, 6M, EV 87.5 MPH) (infield hit)
Tony Kemp to second
Pitching: LHP Andrew Chafin
Batting: RHB Anthony Rendon 0-0: Called Strike
0-1: Ball
1-1: Ball
2-1: Ball
3-1: Foul Ball, location: 2F
3-2: Fly out, F8 (Line Drive, 8LM, EV 89.4 MPH)
Pitching: RHP Will Harris
Batting: LHB Willie Calhoun 0-0: Called Strike
0-1: Ball
1-1: Swinging Strike
1-2: Ball
2-2: Foul Ball, location: 2F
2-2: Strikes out swinging
Batting: RHB Paul Goldschmidt 0-0: Called Strike
0-1: Ball
1-1: Ball
2-1: Swinging Strike
2-2: Ball
3-2: Base on Balls
Tony Kemp to third
Scooter Gennett to second
Batting: RHB Ryan Braun 0-0: SINGLE (Line Drive, 3D, EV 100.0 MPH)
Tony Kemp scores
Scooter Gennett to third
Paul Goldschmidt to second
Runner from 3rd tries for Home, SAFE, no throw by RF
Batting: LHB Brandon Crawford 0-0: Called Strike
0-1: Ball
1-1: Swinging Strike
1-2: Ball
2-2: Ball
3-2: Strikes out swinging
Top of the 9th over - 2 runs, 2 hits, 0 errors, 2 left on base; New York 8 - Texas 4
BOTTOM OF THE 9TH
Texas Rangers batting - Pitching for New York Yankees : LHP Josh Hader
Batting: RHB Jose Osuna 0-0: Ball
1-0: Ball
2-0: Called Strike
2-1: Foul Ball, location: 2F
2-2: Ball
3-2: Foul Ball, location: 2F
3-2: Foul Ball, location: 2F
3-2: Strikes out swinging
Batting: SHB Jeimer Candelario 0-0: Called Strike
0-1: Ball
1-1: Ball
2-1: Swinging Strike
2-2: Ball
3-2: Fly out, F8 (Flyball, 8LS, EV 88.1 MPH)
Batting: LHB Ender Inciarte 0-0: Ball
1-0: Ball
2-0: Foul Ball, location: 2F
2-1: Foul Ball, location: 2F
2-2: Ball
3-2: Base on Balls
Batting: SHB Cesar Hernandez 0-0: Called Strike
0-1: Ball
1-1: Ball
2-1: Ball
3-1: Base on Balls
Ender Inciarte to second
Batting: LHB Bryce Harper 0-0: Called Strike
0-1: Swinging Strike
0-2: Ball
1-2: Foul Ball, location: 2F
1-2: Ball
2-2: Foul Ball, location: 2F
2-2: Ball
3-2: Foul Ball, location: 2F
3-2: Ground out 4-3 (Groundball, 4, EV 101.9 MPH)
Bottom of the 9th over - 0 runs, 0 hits, 0 errors, 2 left on base; New York 8 - Texas 4
Sunday, January 5th, 2020 - OOTP Baseball 20.8 Build 73